 Dungeon Crawl Stone Soup version 0.29.1-12-g30fa7ad0bf (webtiles) character file.

Game seed: 11063227406616785481

59 xSliceyx the Magician (level 4, -16/31 HPs)
             Began as a Djinni Hedge Wizard on Dec 21, 2022.
             Killed from afar by a white imp (18 damage)
             ... with a puff of frost
             ... summoned by Natasha
             ... on level 2 of the Dungeon on Dec 22, 2022.
             The game lasted 00:06:34 (1690 turns).

xSliceyx the Magician (Djinni Hedge Wizard)         Turns: 1690, Time: 00:06:35

Health: -16/31     AC:  2    Str:  9    XL:     4   Next: 22%
Gold:   110        EV: 12    Int: 17    God:
                   SH:  0    Dex: 13

rFire   + + .      SeeInvis .   d - +0 mace
rCold   x . .      Faith    .   (no shield)
rNeg    . . .      Spirit   .   b - +0 robe
rPois   ∞          Reflect  .   c - +0 hat
rElec   .          Harm     .   (no cloak)
rCorr   .          Rampage  .   (no gloves)
Will    .....                   (boots unavailable)
Stlth   ++........              (no amulet)
HPRegen 0.10/turn               (no ring)
MPRegen 0.00/turn               (no ring)

@: flying
A: sickness immunity, fire resistance 2, cold vulnerability 1, float, innate
caster, HP casting, extra vitality 1
a: no special abilities


You were on level 2 of the Dungeon.
You visited 1 branch of the dungeon, and saw 2 of its levels.

You collected 110 gold pieces.

Inventory:

Hand Weapons
 d - a +0 mace (weapon)
Armour
 b - a +0 robe (worn)
 c - a +0 hat (worn)
Scrolls
 a - 2 scrolls of teleportation {unknown}
 e - a scroll of noise {unknown}
Potions
 f - a potion of attraction {unknown}
 g - a potion of degeneration {unknown}
 h - 2 potions of curing {unknown}


   Skills:
 - Level 2.1 Dodging
 - Level 1.5 Stealth
 + Level 3.7 Spellcasting


You couldn't memorise any spells.
You knew the following spells:

 Your Spells              Type           Power      Damage    Failure   Level
a - Magic Dart            Conj           60%        1d6       3%          1
b - Blink                 Tloc           30%        N/A       5%          2
c - Call Imp              Summ           15%        N/A       5%          2
d - Slow                  Hex            60%        N/A       3%          1
e - Conjure Flame         Conj/Fire      15%        6-21      11%         3
f - Mephitic Cloud        Conj/Pois/Air  15%        N/A       11%         3
g - Necrotise             Necr           60%        1d7       3%          1
Your spell library was empty.

Dungeon Overview and Level Annotations

Branches:
Dungeon (2/15)

Altars:

Annotations:
D:2 Natasha


Innate Abilities, Weirdness & Mutations

You are immune to sickness and miasma.
You are immune to poison.
Your flesh is very heat resistant. (rF++)
You are vulnerable to cold. (rC-)
You float through the air rather than walking.
You learn spells naturally, not from books.
Your magical power is your life essence.
You have superior vitality. (+4 MHP)


Message History

The magic dart hits you!
Casting: Magic Dart (safe; 3% risk of failure)
Confirm with . or Enter, or press ? or * to list all spells.
The spell is quite dangerous to miscast (11% risk of failure)!
Continue anyway?
The fire begins to smoulder!
The fire ignites!
Casting: Conjure Flame (quite dangerous; 11% risk of failure)
Confirm with . or Enter, or press ? or * to list all spells.
A shadowy apparition takes form in the air.
* * * LOW HITPOINT WARNING * * *
Natasha casts a spell at you. You resist with some effort.
Casting: Call Imp (safe; 5% risk of failure)
Confirm with . or Enter, or press ? or * to list all spells.
Aiming: Magic Dart (safe; 3% risk of failure)
Press: ? - help, Shift-Dir - straight line, f - Natasha
Aim: Natasha (ally target, 100% to hit)
The magic dart hits Natasha.
Natasha is moderately wounded.
* * * LOW HITPOINT WARNING * * *
Unknown command.
Casting: Magic Dart (safe; 3% risk of failure)
Confirm with . or Enter, or press ? or * to list all spells.
Aiming: Magic Dart (safe; 3% risk of failure)
Press: ? - help, Shift-Dir - straight line, f/p - Natasha
Aim: Natasha (moderately wounded, ally target, 100% to hit)
The magic dart hits Natasha.
Natasha is heavily wounded.
* * * LOW HITPOINT WARNING * * *
Natasha casts a spell at you. The magic dart hits you.
* * * LOW HITPOINT WARNING * * *
Unknown command.
Natasha growls.
Natasha wildly gestures.
Natasha glows brightly for a moment.
Natasha casts a spell.
The white imp gestures at you. The puff of frost hits you!!
You feel a terrible chill!
Ouch! That really hurt!
You die...

.######.#####.#..###.#
#..............#
...............#
.#######.5.....# .
#h#.##### .
.#######§#.#####..
.........5........
..#....###........
#.... #@....... #....
#..####.# ....[. ...#
#.#.... ##..# # ##+##
#..# #..# ...# #..#


You could see Natasha (ally target), a white imp (summoned) and a friendly
shadow imp (summoned).

Vanquished Creatures
  Natasha (D:2)
  A worm (D:2)
  5 endoplasms
  A hobgoblin (D:2)
  4 jackals (D:2)
  A quokka (D:2)
  A bat (D:2)
  3 frilled lizards (D:2)
  2 goblins
  3 rats
22 creatures vanquished.

Vanquished Creatures (collateral kills)
  An adder (D:2)
1 creature vanquished.

Grand Total: 23 creatures vanquished

Notes
Turn   | Place    | Note
-------+----------+-------------------------------------------
     0 | D:1      | xSliceyx the Djinni Hedge Wizard began the quest for the
                  | Orb.
     0 | D:1      | xSliceyx set off with the following spells memorised: Magic
                  | Dart, Blink, Call Imp, Slow, Conjure Flame, Mephitic Cloud.
     0 | D:1      | Reached XP level 1. HP: 15/15 MP: 0/0
     1 | D:1      | Noticed an electric eel
   472 | D:1      | You are sucked into a shaft and drop 1 floor!
   591 | D:1      | Found a faded altar of an unknown god.
   642 | D:1      | Reached XP level 2. HP: 19/21 MP: 0/0
   983 | D:2      | Reached skill level 3 in Spellcasting
  1362 | D:2      | Reached XP level 3. HP: 14/25 MP: 0/0
  1362 | D:2      | Learned a level 1 spell: Necrotise
  1535 | D:2      | Noticed Natasha
  1544 | D:2      | Killed Natasha
  1545 | D:2      | Reached XP level 4. HP: 19/31 MP: 0/0
  1679 | D:2      | Noticed Natasha
  1690 | D:2      | Killed from afar by a white imp

Illustrated notes

Levels and vault maps discovered:
D:1:      arrival_aquarium_a, layout_basic,
          shapermc_ecumenical_altar_mp_ritualfount, kennysheep_pointless_box
D:2:      layout_basic, kennysheep_generic_room_10, uniq_natasha, uniq_sigmund

Skill      XL: |  1  2 |
---------------+-------+-----
Spellcasting   | 3 |  3.7
Dodging        | |  2.1
Stealth        | |  1.5

Action                   |  1- 3 |  4- 6 || total
-------------------------+-------+-------++-------
 Cast: Magic Dart        |    51 |     7 ||    58
       Slow              |     3 |       ||     3
       Call Imp          |     2 |     1 ||     3
       Necrotise         |     1 |     1 ||     2
       Conjure Flame     |       |     2 ||     2
Armor: Robe              |     2 |     1 ||     3
Dodge: Dodged            |     5 |     4 ||     9
